 Dungeon Crawl Stone Soup version 0.28.0-45-g0d030f2227 (webtiles) character file.

Game seed: 3322112107794385037

100 MisterFreud the Changer (level 4, 0/35 HPs)
             Began as a Draconian Transmuter on Apr 18, 2022.
             Was a Follower of Cheibriados.
             Slain by a ball python (3 damage)
             ... on level 3 of the Dungeon.
             The game lasted 00:01:53 (2777 turns).

MisterFreud the Changer (Draconian Transmuter)      Turns: 2777, Time: 00:01:53

Health: 0/35       AC:  5    Str: 14    XL:     4   Next: 46%
Magic:  7/7        EV:  9    Int: 18    God:    Cheibriados [*.....]
Gold:   91         SH:  0    Dex: 13    Spells: 6/7 levels left

rFire   . . .      SeeInvis .     - Unarmed
rCold   . . .      Faith    .   (no shield)
rNeg    . . .      Spirit   .   (armour unavailable)
rPois   .          Reflect  .   j - +0 hat
rElec   .          Harm     .   (no cloak)
rCorr   .          Rampage  .   (no gloves)
Will    .....                   (no boots)
Stlth   +.........              (no amulet)
HPRegen 0.11/turn               (no ring)
MPRegen 0.10/turn               (no ring)

@: brilliant, lethally poisoned (0 -> -5), constricted, very slow
A: AC +5, unfitting armour, cold-blooded
a: Renounce Religion, Bend Time


You were on level 3 of the Dungeon.
You worshipped Cheibriados.
Cheibriados was aware of your devotion.
You visited 1 branch of the dungeon, and saw 3 of its levels.

You collected 91 gold pieces.

Inventory:

Armour
 j - a +0 hat (worn)
Scrolls
 a - 4 scrolls of noise {unknown}
 b - a scroll of enchant armour {unknown}
 d - a scroll of identify {unknown}
 h - 3 scrolls of fog {unknown}
 i - a scroll of blinking {unknown}
Potions
 f - a potion of curing {unknown}
 g - a potion of attraction {unknown}


   Skills:
 - Level 1.5 Fighting
 - Level 2.0 Dodging
 - Level 3.1 Unarmed Combat
 - Level 2.1 Spellcasting
 + Level 4.2 Transmutations


You had 6 spell levels left.
You knew the following spells:

 Your Spells              Type           Power      Damage    Failure   Level
a - Beastly Appendage     Tmut           52%        N/A       3%          1

Your spell library contained the following spells:

 Spells                   Type           Power      Damage    Failure   Level
 Wereblood                Tmut           26%        N/A       4%          2
 Spider Form              Tmut/Pois      14%        N/A       22%         3
 Ice Form                 Ice/Tmut       14%        N/A       58%         4
 Fireball                 Conj/Fire      1%         3d3       99%         5
 Iskenderun's Battlesphe  Conj           2%         2d6       99%         5
 Conjure Ball Lightning   Conj/Air       1%         3x3d6     100%        6
 Orb of Destruction       Conj           1%         9d5       100%        7


Dungeon Overview and Level Annotations

Branches:
Dungeon (3/15)

Altars:
Cheibriados

Shops:
D:2 (


Innate Abilities, Weirdness & Mutations

Your plain brown scales are hard. (AC +5)
You cannot fit into any form of body armour.
You are cold-blooded and may be slowed by cold attacks.


Message History

The adder is severely wounded.
You feel sick. The adder bites you.
You are more poisoned.
The adder poisons you!
You hit the adder.
You kill the adder!
Cheibriados appreciates the change of pace.
You can now bend time to slow others.
Cheibriados raises the support of your attributes as your movement slows.
* * * LOW HITPOINT WARNING * * *
You feel sick.
Unknown command.
Unknown command.
You hit the ball python.
You kill the ball python!
Cheibriados thoroughly appreciates the change of pace.
* * * LOW HITPOINT WARNING * * *
You feel sick.
You hit the ball python but do no damage.
You claw the ball python. You headbutt the ball python.
You kill the ball python!
Cheibriados appreciates the change of pace.
* * * LOW HITPOINT WARNING * * *
You feel sick.
You barely miss the ball python.
Your horns disappear.
Your talons disappear.
Your +0 hat unmelds from your body.
* * * LOW HITPOINT WARNING * * *
You feel sick. The ball python bites you.
* * * LOW HITPOINT WARNING * * *
The ball python grabs you. The ball python constricts you.
It was a potion of cancellation.
You feel magically purged.
* * * LOW HITPOINT WARNING * * *
You feel sick.
The ball python bites you but does no damage.
The ball python constricts you.
It was a potion of brilliance.
You feel clever all of a sudden. The ball python bites you.
You die...

#...# P##.###
#.### #...# #.#
....S## #.# ..S.S
#.# #P.### #.#
#...# ##.# ###S#
...# #S# #### #@#
#.# #.# #.#
############# #.#
............####.#
##....###........#
..#..#...#.#####.#
⌠.#..#.⌠.#.# #.#


You could see 2 ball pythons.

Vanquished Creatures
  5 adders
  2 worms
  2 dart slugs
  2 endoplasms
  2 giant cockroaches
  A goblin (D:2)
  5 hobgoblins
  3 quokkas
  10 ball pythons
  6 bats
  2 frilled lizards
  5 kobolds
  3 rats
48 creatures vanquished.

Vanquished Creatures (others)
  2 fungi (D:3)
2 creatures vanquished.

Grand Total: 50 creatures vanquished

Notes
Turn   | Place    | Note
-------+----------+-------------------------------------------
     0 | D:1      | MisterFreud the Draconian Transmuter began the quest for
                  | the Orb.
     0 | D:1      | Reached XP level 1. HP: 16/16 MP: 3/3
   306 | D:1      | Reached XP level 2. HP: 23/23 MP: 3/5
   777 | D:2      | Found Nofan's Weapon Boutique.
  1096 | D:2      | Reached XP level 3. HP: 28/28 MP: 4/6
  1124 | D:2      | Reached skill level 3 in Transmutations
  1763 | D:2      | Found a faded altar of an unknown god.
  2054 | D:3      | Found a snail-covered altar of Cheibriados.
  2065 | D:3      | Became a worshipper of Cheibriados the Contemplative
  2107 | D:3      | Reached XP level 4. HP: 33/35 MP: 5/7
  2399 | D:3      | Reached skill level 4 in Transmutations
  2772 | D:3      | Reached * piety under Cheibriados
  2777 | D:3      | Slain by a ball python

Illustrated notes

Levels and vault maps discovered:
D:1:      lemuel_arrival_muddy, layout_basic
D:2:      layout_loops_ring, serial_shops, nicolae_shop_trees,
          chequers_ecumenical_altar_grove
D:3:      layout_loops_ring, lemuel_crystal_altar, hex_tiny, fountainhead,
          minmay_shallow_snake_nest

Skill      XL: |  1  2  3  4 |
---------------+-------------+-----
Dodging        | 2 |  2.0
Transmutations | 3 4 |  4.2
Fighting       | |  1.5
Unarmed Combat | |  3.1
Spellcasting   | |  2.1

Action                   |  1- 3 |  4- 6 || total
-------------------------+-------+-------++-------
Melee: Unarmed           |    87 |    45 ||   132
       Kick              |    18 |     5 ||    23
       Tailslap          |     7 |     6 ||    13
       Headbutt          |     6 |     6 ||    12
       Punch             |     1 |       ||     1
 Cast: Beastly Appendage |    26 |     7 ||    33
  Use: Potion            |       |     2 ||     2
 Stab: Sleeping          |     1 |       ||     1
Armor: Skin              |    33 |    17 ||    50
Dodge: Dodged            |    52 |    26 ||    78
